 Dungeon Crawl Stone Soup version 0.17.0-24-gcfadda4 (webtiles) character file.

2214 Sorcv the Covert (level 9, -5/65 HPs)
             Began as a Mummy Enchanter on Nov 15, 2015.
             Was a Follower of Ashenzari.
             Slain by a manticore (9 damage)
             ... on level 9 of the Dungeon.
             The game lasted 00:24:06 (6680 turns).

Sorcv the Covert (Mummy Enchanter)                  Turns: 6680, Time: 00:24:07

Health: -5/65      AC:  6    Str: 12    XL:     9   Next: 13%
Magic:  2/12       EV: 14    Int: 14    God:    Ashenzari [*.....]
Gold:   426        SH:  0    Dex: 18    Spells: 3 memorised, 6 levels left

rFire  x . .     SeeInvis .     h - +1 short sword (speed) (curse)
rCold  + . .     Clarity  .     b - +1 robe (curse)
rNeg   + + +     SustAt   .     (no shield)
rPois  ∞         Gourm    .     f - +0 helmet (curse)
rElec  .         Spirit   .     (no cloak)
rCorr  .         Warding  +     n - +1 pair of gloves (curse)
rMut   .         Stasis   .     (no boots)
MR     +....                    w - amulet of warding (curse)
Stlth  ++++......               (no ring)
                                p - +3 ring of dexterity (curse)

@: somewhat resistant to hostile enchantments, stealthy
A: no food or potions, fire vulnerability, cold resistance 1, negative energy
resistance 3, torment resistance, unbreathing
a: Scrying, Renounce Religion


You were on level 9 of the Dungeon.
You worshipped Ashenzari.
Ashenzari was aware of your devotion.
You were not hungry.

You visited 2 branches of the dungeon, and saw 10 of its levels.

You collected 426 gold pieces.

Inventory:

Hand Weapons
 a - a +1 dagger
 h - a cursed +1 short sword of speed (weapon)
Armour
 b - a cursed +1 robe (worn)
 f - a cursed +0 helmet (worn)
 n - a cursed +1 pair of gloves (worn)
Jewellery
 p - a cursed +3 ring of dexterity (left hand)
 w - a cursed amulet of warding (around neck)
Wands
 g - a wand of enslavement (12)
 j - a wand of slowing (27)
 k - a wand of draining (8)
 q - a wand of fire (1)
 u - a wand of confusion (40)
Scrolls
 d - a scroll of enchant armour
 e - a scroll of curse weapon
 i - 2 scrolls of noise
 l - a scroll of enchant weapon
 m - a scroll of blinking
 o - a scroll of amnesia {unknown}
 r - 2 scrolls of curse armour
 s - a scroll of random uselessness {unknown}
 t - 3 scrolls of remove curse
 v - a scroll of vulnerability {unknown}
Books
 c - a book of Maledictions

   Spells                             Type                      Level
   a - Corona                         Hexes                        1
   b - Ensorcelled Hibernation        Hexes/Ice                    2
   c - Confuse                        Hexes                        3
   d - Tukima's Dance                 Hexes                        3
   e - Dazzling Spray                 Conjuration/Hexes            3


   Skills:
 - Level 4.0 Fighting
 - Level 4.1 Short Blades
 * Level 3.8 Dodging
 * Level 8.0 Stealth
 - Level 2.0 Spellcasting
 - Level 4.1 Hexes
 - Level 1.4 Evocations


You had 6 spell levels left.
You knew the following spells:

 Your Spells              Type           Power        Failure   Level  Hunger
a - Corona                Hex            ##.....      4%          1    N/A
b - Ensorcelled Hibernat  Hex/Ice        #.....       17%         2    N/A
c - Confuse               Hex            ##......     14%         3    N/A

Dungeon Overview and Level Annotations

Branches:
Dungeon (9/15)             Temple (1/1) D:7
   Lair: D:8-11         Orc: D:9-12

Altars:
Ashenzari
Dithmenos
Elyvilon
Fedhas
Gozag
Kikubaaqudgha
Makhleb
Okawaru
Qazlal
Ru
Trog
Vehumet
Xom
Yredelemnul

Annotations:
D:5 Edmund
D:6 exclusion: door
D:8 Gorice's ghost, novice DsWn


Innate Abilities, Weirdness & Mutations

You do not eat or drink.
Your flesh is vulnerable to fire.
You are immune to poison.
Your flesh is cold resistant.
You are immune to negative energy.
You are immune to unholy pain and torment.
You can survive without breathing.


Message History

Casting: Ensorcelled Hibernation
Confirm with . or Enter, or press ? or * to list all spells.
Aiming: Ensorcelled Hibernation
Press: ? - help, Shift-Dir - straight line, f - manticore
Aim: a manticore (heavily wounded, chance to defeat MR: 23%)
The manticore resists with almost no effort.
The manticore bites you! The manticore barely misses you.
The manticore claws you!
Casting: Ensorcelled Hibernation
Confirm with . or Enter, or press ? or * to list all spells.
Aiming: Ensorcelled Hibernation
Press: ? - help, Shift-Dir - straight line, f/p - manticore
Aim: a manticore (heavily wounded, chance to defeat MR: 23%)
The manticore resists with almost no effort.
The manticore bites you!
* * * LOW HITPOINT WARNING * * *
The manticore claws you!
* * * LOW HITPOINT WARNING * * *
The manticore claws you!
You die...

..##
###...#####..###..#
.## #........!.#
#..# ##
#..######### ..# #
##..# ## #..##
.######..####
............######
.................#
.##.......######@#
#####.....## ##H#
#..##..## .#
#..###..## .. #.##
##..# #.. #####.#
##..# #.. ......#
##.# ##. ###...# ..
.. # ##### ..#


You could see a manticore.

Vanquished Creatures
  Sigmund (D:5)
  A human (D:7)
  A deep elf mage (D:9)
  An orc warrior (D:7)
  A black bear (D:7)
  6 ogres
  A phantom (D:9)
  A big kobold (D:9)
  2 giant frogs
  A scorpion (D:6)
  A water moccasin skeleton (D:7)
  A centaur zombie (D:9)
  2 crimson imps
  3 orc wizards
  2 jellies
  An orc priest (D:7)
  3 hounds
  2 centaur skeletons
  2 iguanas
  2 worker ants
  A hound skeleton (D:7)
  6 adders
  A worker ant zombie (D:7)
  4 shadow imps
  An adder zombie (D:6)
  2 worms
  2 giant geckos
  12 orcs
  5 bats (D:1)
  6 giant cockroaches
  5 goblins
  6 hobgoblins
  5 jackals
  14 kobolds
  3 quokkas
  A ball python (D:1)
  5 giant newts
  A quokka zombie (D:5)
  6 rats
121 creatures vanquished.

Vanquished Creatures (others)
  An orc (D:7)
1 creature vanquished.

Grand Total: 122 creatures vanquished

Notes
Turn   | Place    | Note
--------------------------------------------------------------
     0 | D:1      | Sorcv the Mummy Enchanter began the quest for the Orb.
     0 | D:1      | Reached XP level 1. HP: 13/13 MP: 3/3
   232 | D:1      | Reached skill level 1 in Fighting
   232 | D:1      | Reached skill level 1 in Short Blades
   275 | D:1      | Reached XP level 2. HP: 19/21 MP: 1/5
   897 | D:1      | Learned a level 2 spell: Ensorcelled Hibernation
   919 | D:2      | Reached XP level 3. HP: 25/27 MP: 6/6
   927 | D:2      | Found a shadowy altar of Dithmenos.
   992 | D:2      | Learned a level 3 spell: Confuse
  1338 | D:3      | Reached XP level 4. HP: 32/34 MP: 0/7
  1805 | D:3      | Reached skill level 3 in Fighting
  1873 | D:3      | Reached XP level 5. HP: 39/41 MP: 6/8
  2054 | D:4      | Noticed an ogre
  2064 | D:4      | Killed an ogre
  2064 | D:4      | Reached skill level 4 in Fighting
  2292 | D:4      | Found a shattered altar of Ashenzari.
  2296 | D:4      | Became a worshipper of Ashenzari the Shackled
  2302 | D:4      | Found a shadowy altar of Dithmenos.
  2304 | D:4      | Found an iron altar of Okawaru.
  2368 | D:4      | Reached XP level 6. HP: 42/48 MP: 3/9
  2487 | D:5      | Entered Level 5 of the Dungeon
  2553 | D:5      | Noticed Sigmund
  2595 | D:5      | Noticed Edmund
  3500 | D:5      | Killed Sigmund
  3500 | D:5      | Reached skill level 1 in Evocations
  3500 | D:5      | Reached XP level 7. HP: 47/54 MP: 10/10
  3889 | D:6      | Reached skill level 5 in Stealth
  3919 | D:6      | Reached * piety under Ashenzari
  4167 | D:6      | Found a basalt altar of Yredelemnul.
  4818 | D:7      | Reached XP level 8. HP: 55/60 MP: 6/11
  4922 | D:7      | Found a staircase to the Ecumenical Temple.
  4929 | Temple   | Entered the Ecumenical Temple
  5042 | D:7      | Reached skill level 6 in Stealth
  5078 | D:7      | Found an opulent altar of Gozag.
  5822 | D:7      | Reached skill level 7 in Stealth
  6027 | D:7      | Noticed a human
  6059 | D:7      | Killed a human
  6136 | D:8      | Noticed Gorice's ghost (novice DsWn)
  6198 | D:9      | Found an opulent altar of Gozag.
  6530 | D:9      | Identified the cursed +0 chain mail of the Equator {-Cast rPois MR+ Dex-2}
  6539 | D:9      | Reached XP level 9. HP: 63/65 MP: 12/12
  6580 | D:9      | Found a burning altar of Makhleb.
  6581 | D:9      | Found a shimmering altar of Xom.
  6626 | D:9      | Reached skill level 8 in Stealth
  6675 | D:9      | Noticed a manticore
  6680 | D:9      | Slain by a manticore

Action                   |  1- 3 |  4- 6 |  7- 9 || total
-------------------------+-------+-------+-------++-------
Melee: Dagger            |   126 |       |       ||   126
       Short sword       |    25 |   150 |   240 ||   415
 Cast: Corona            |     4 |     3 |     3 ||    10
       Ensorcelled Hiber |     3 |    18 |    54 ||    75
       Confuse           |       |     2 |     3 ||     5
Evoke: Wand              |       |       |     1 ||     1
  Use: Scroll            |     2 |     6 |    10 ||    18
 Stab: Sleeping          |    11 |    14 |    22 ||    47
       Confused          |       |     5 |       ||     5
